 Dungeon Crawl Stone Soup version 0.22-a0-612-gd2f0174 (webtiles) character file.

4 Amnesiac the Magician (level 1, 0/14 HPs)
             Began as a Mummy Wizard on July 12, 2018.
             Slain by an adder (2 damage)
             ... on level 3 of the Dungeon.
             The game lasted 00:00:44 (286 turns).

Amnesiac the Magician (Mummy Wizard)                 Turns: 286, Time: 00:00:45

Health: 0/14       AC:  2    Str: 10    XL:     1   Next: 58%
Magic:  4/5        EV: 12    Int: 17    God:
Gold:   43         SH:  0    Dex: 10    Spells: 7/8 levels left

rFire    x . .     SeeInvis .   c - +1 mace (protect)
rCold    + . .     Gourm    .   (no shield)
rNeg     + + +     Faith    .   a - +0 robe
rPois    ∞         Spirit   .   b - +0 hat
rElec    .         Reflect  .   (no cloak)
rCorr    .         Harm     .   (no gloves)
MR       .....                  (no boots)
Stlth    ++........             (no amulet)
HPRegen  0.04/turn              (no ring)
MPRegen  0.09/turn              (no ring)

@: no status effects
A: no food or potions, fire vulnerability, cold resistance 1, negative energy
resistance 3, torment resistance, unbreathing
a: no special abilities


You were on level 3 of the Dungeon.
You were not hungry.

You visited 1 branch of the dungeon, and saw 3 of its levels.

You collected 43 gold pieces.

Inventory:

Hand Weapons
 c - a +1 mace of protection (weapon)
Armour
 a - a +0 robe (worn)
 b - a +0 hat (worn)
Scrolls
 d - a scroll of noise {!r, unknown}


   Skills:
 + Level 0.7 Fighting
 - Level 1.5 Dodging
 - Level 1.5 Stealth
 - Level 4.0 Spellcasting
 + Level 1.1 Conjurations
   Level 0.7 Summonings
   Level 0.7 Translocations


You had 7 spell levels left.
You knew the following spells:

 Your Spells              Type           Power        Failure   Level  Hunger
a - Magic Dart            Conj           #...         10%         1    N/A

Your spell library contained the following spells:

 Spells                   Type           Power        Failure   Level  Hunger
 Conjure Flame            Conj/Fire      #.......     36%         3    N/A
 Slow                     Hex            #.......     24%         2    N/A
 Mephitic Cloud           Conj/Pois/Air  #.......     38%         3    N/A
 Blink                    Tloc           N/A          19%         2    N/A
 Call Imp                 Summ           #.......     19%         2    N/A

Dungeon Overview and Level Annotations

Branches:
Dungeon (3/15)

Altars:


Innate Abilities, Weirdness & Mutations

You do not eat or drink.
Your flesh is vulnerable to fire.
You are immune to poison.
Your flesh is cold resistant. (rC+)
You are immune to negative energy. (rN+++)
You are immune to unholy pain and torment.
You can survive without breathing.


Message History

The goblin shouts!
Found 25 sling bullets and a hunting sling.
The rat bites you.
You barely miss the rat. The rat barely misses you.
You barely miss the rat. The rat misses you.
You closely miss the rat. The rat barely misses you. The rat bites you.
You barely miss the rat. The rat closely misses you.
The goblin closely misses you.
You thump the goblin!
Your weapon exudes an aura of protection.
You kill the goblin!
The rat closely misses you. The rat misses you.
You sock the rat!
You kill the rat!
No target in view!
No target in view!
No target in view!
You start resting.
HP restored.
No target in view!
You now have 43 gold pieces (gained 13).
Found an escape hatch in the ceiling.
No target in view!
There is a stone staircase leading down here.
An adder and a rat come into view.
Found a plate armour.
A bat comes into view.
There are monsters nearby!
The adder closely misses you. The adder bites you.
There are monsters nearby!
You hit the adder.
Your weapon exudes an aura of protection.
The adder is moderately wounded.
The bat misses you. The adder bites you.
* * * LOW HITPOINT WARNING * * *
You are too injured to fight recklessly!
The bat closely misses you.
You are too injured to fight recklessly!
You are too injured to fight recklessly!
You are too injured to fight recklessly!
You are too injured to fight recklessly!
The bat barely misses you. The bat barely misses you.
The bat hits you but does no damage. The bat misses you.
The bat hits you but does no damage. The bat hits you.
* * * LOW HITPOINT WARNING * * *
The bat misses you. The bat hits you.
* * * LOW HITPOINT WARNING * * *
There is a stone staircase leading down here.
The bat hits you but does no damage. The adder closely misses you.
You climb downwards.
You hear the sound of rushing water.
There is an entrance to a sewer on this level.
Hurry and find it before the portal rusts away!
There is a stone staircase leading up here.
Casting: Magic Dart (safe; 10% risk of failure)
Confirm with . or Enter, or press ? or * to list all spells.
Aiming: Magic Dart (safe; 10% risk of failure)
Press: ? - help, Shift-Dir - straight line, f - adder
Aim: an adder (moderately wounded)
The magic dart hits the adder.
The adder is heavily wounded.
The adder barely misses you. The adder bites you.
You die...

#. ..#
..#
####..#.#
#......#
#@# #S#
#.# #.#
#.# #.#
#.# #..


You could see an adder.

Vanquished Creatures
  A goblin (D:2)
  A hobgoblin (D:2)
  A bat (D:2)
  2 rats (D:2)
5 creatures vanquished.

Notes
Turn   | Place    | Note
-------+----------+-------------------------------------------
     0 | D:1      | Amnesiac the Mummy Wizard began the quest for the Orb.
     0 | D:1      | Reached XP level 1. HP: 13/13 MP: 5/5
    59 | D:2      | Reached skill level 1 in Conjurations
   286 | D:3      | Slain by an adder

Vault maps used:
D:1:      minmay_arrival_jagged, minmay_door_square
D:3:      evilmike_ruin_ashenzari, portal_sewer_entry_b, serial_forest,
          infiniplex_forest_straight_4, infiniplex_forest_corner_1,
          infiniplex_forest_zigzag_1, infiniplex_forest_straight_4,
          infiniplex_forest_end_3, infiniplex_forest_clump_diagonal,
          infiniplex_forest_lined_2, uniq_jessica, uniq_terence

Skill      XL: |  1 |
---------------+----+-----
Conjurations   | 1 |  1.1
Fighting       | |  0.7
Dodging        | |  1.5
Stealth        | |  1.5
Spellcasting   | |  4.0
Summonings     | |  0.7
Translocations | |  0.7

Action                   || total
-------------------------++-------
Melee: Mace              ||     7
       Unarmed           ||     4
 Cast: Magic Dart        ||     7
Armor: Robe              ||     7
Dodge: Dodged            ||    30

Table legend:
 A = Spawn XP
 B = Non-spawn XP
 C = Spawn XP percentage of total XP
 D = Spawn monster count
 E = Non-spawn monster count
 F = Spawn count percentage of total count
 G = Total turns spent on level
                    A         B        C        D         E        F      G
               +---------+---------+-------+---------+---------+-------+---------
         Total |       0 |       7 |   0.0 |       0 |       5 |   0.0 |   286
               +---------+---------+-------+---------+---------+-------+---------
           D:2 |       0 |       7 |   0.0 |       0 |       5 |   0.0 |   274
               +---------+---------+-------+---------+---------+-------+---------
